 Dungeon Crawl Stone Soup version 0.28-a0-1227-ga9037bb4c8 (webtiles) character file.

Game seed: 13566309296086440604

84 bearlyready the Charlatan (level 4, 0/35 HPs)
             Began as a Demonspawn Artificer on Dec 22, 2021.
             Succumbed to an adder's poison
             ... on level 3 of the Dungeon.
             The game lasted 00:05:12 (4729 turns).

bearlyready the Charlatan (Demonspawn Artificer)    Turns: 4729, Time: 00:05:14

Health: 0/35       AC:  3    Str: 12    XL:     4   Next: 24%
Magic:  4/4        EV: 11    Int: 13    God:
Gold:   67         SH:  0    Dex: 15    Spells: 3/3 levels left

rFire   . . .      SeeInvis +   a - +0 dagger
rCold   . . .      Faith    .   (no shield)
rNeg    . . .      Spirit   .   b - +0 leather armour
rPois   .          Reflect  .   (no helmet)
rElec   .          Harm     .   (no cloak)
rCorr   .          Rampage  .   (no gloves)
Will    .....                   (no boots)
Stlth   +.........              (no amulet)
HPRegen 0.11/turn               j - ring of see invisible
MPRegen 0.18/turn               (no ring)

@: lethally poisoned (0 -> -7)
A: magic regeneration
a: no special abilities


You were on level 3 of the Dungeon.
You visited 1 branch of the dungeon, and saw 3 of its levels.

You collected 67 gold pieces.

Inventory:

Hand Weapons
 a - a +0 dagger (weapon)
Missiles
 c - 33 sling bullets
 h - 35 stones
 l - 12 bolts
Armour
 b - a +0 leather armour (worn)
 k - a +0 chain mail
Jewellery
 f - an amulet of faith
 j - a ring of see invisible (left hand)
 m - a ring of protection from fire
Wands
 d - a wand of charming (9)
Scrolls
 g - a scroll of amnesia
 i - 2 scrolls of identify
Miscellaneous
 e - a piece from Xom's chessboard (inert) (quivered)


   Skills:
 + Level 3.0 Fighting
 - Level 1.7 Armour
 - Level 0.8 Dodging
 - Level 0.8 Stealth
 + Level 4.1 Evocations


You had 3 spell levels left.
You didn't know any spells.
Your spell library was empty.

Dungeon Overview and Level Annotations

Branches:
Dungeon (3/15)

Altars:

Shops:
D:2 =


Innate Abilities, Weirdness & Mutations

You regenerate magic rapidly.


Message History

The adder is lightly wounded.
The adder misses you.
You closely miss the adder.
The adder is lightly wounded.
The adder bites you.
You are poisoned.
The adder poisons you!
You closely miss the adder.
The adder is lightly wounded.
You feel sick. The adder bites you.
You are more poisoned.
The adder poisons you! The adder closely misses you.
You miss the adder.
The adder is lightly wounded.
* * * LOW HITPOINT WARNING * * *
You feel very sick. The adder misses you.
You hit the adder.
The adder is moderately wounded.
* * * LOW HITPOINT WARNING * * *
You feel sick. The adder barely misses you.
You aren't carrying any potions.
Unknown command.
You make a move on Xom's chessboard...
The adder is outlined in light.
The chess piece greys!
You feel sick. The adder bites you.
* * * LOW HITPOINT WARNING * * *
You are more poisoned.
The adder poisons you! The adder barely misses you.
You closely miss the adder.
The adder is lightly wounded.
* * * LOW HITPOINT WARNING * * *
You feel very sick. The adder barely misses you.
You hit the adder.
The adder is moderately wounded.
* * * LOW HITPOINT WARNING * * *
You feel sick. The adder misses you.
You closely miss the adder.
The adder is moderately wounded.
You die...

.......##
##.....
.........
.......
.#......#
.......
........#
.......
.......##.......
...............
##...S...##..
#<..†@†......
#...........#
#..........##
#............
###..........
...........
##.......#..
...........


You could see an adder (corona).

Vanquished Creatures
  2 adders (D:2)
  2 dart slugs
  6 bats
  4 endoplasms
  2 giant cockroaches (D:1)
  8 hobgoblins
  4 jackals (D:1)
  2 quokkas
  6 ball pythons
  3 frilled lizards
  3 goblins
  8 kobolds
  2 rats
52 creatures vanquished.

Vanquished Creatures (collateral kills)
  2 endoplasms (D:1)
2 creatures vanquished.

Vanquished Creatures (others)
  A kobold (D:1)
  A ball python (D:1)
  9 plants
11 creatures vanquished.

Grand Total: 65 creatures vanquished

Notes
Turn   | Place    | Note
-------+----------+-------------------------------------------
     0 | D:1      | bearlyready the Demonspawn Artificer began the quest for
                  | the Orb.
     0 | D:1      | Reached XP level 1. HP: 15/15 MP: 1/1
   182 | D:1      | You fall into a shaft and drop 1 floor!
   578 | D:2      | Gained mutation: You regenerate magic rapidly. [demonic
                  | ancestry]
   578 | D:2      | Reached XP level 2. HP: 18/21 MP: 2/2
  1773 | D:1      | Reached XP level 3. HP: 24/27 MP: 3/3
  1926 | D:1      | HP: 1/28 [kobold (3)]
  3385 | D:2      | Found a faded altar of an unknown god.
  3484 | D:2      | Reached skill level 4 in Evocations
  3807 | D:2      | Reached XP level 4. HP: 22/34 MP: 4/4
  4571 | D:2      | Found Ciat's Jewellery Boutique.
  4728 | D:3      | HP: 1/35 [poisoned by an adder]
  4729 | D:3      | Succumbed to an adder's poison

Illustrated notes

Levels and vault maps discovered:
D:1:      dpeg_arrival_lava_altar, layout_rooms, serial_bayou_ford_a
D:2:      layout_basic, chequers_ecumenical_altar_lobes, serial_shops,
          nicolae_shop_statue_plus
D:3:      layout_basic, amcnicky_altar_gilded, ebering_ghost_sewer_f,
          chequers_hall_statues_corner_a

Skill      XL: |  1  2  3  4 |
---------------+-------------+-----
Fighting       | 2 3 |  3.0
Evocations     | 4 |  4.1
Armour         | |  1.7
Dodging        | |  0.8
Stealth        | |  0.8

Action                   |  1- 3 |  4- 6 || total
-------------------------+-------+-------++-------
Melee: Dagger            |   241 |    52 ||   293
       Unarmed           |    10 |       ||    10
Evoke: Wand              |    21 |       ||    21
       Piece from Xom's  |    14 |     6 ||    20
  Use: Scroll            |     3 |       ||     3
       Potion            |       |     1 ||     1
 Stab: Sleeping          |     6 |     1 ||     7
Armor: Leather armour    |    90 |    13 ||   103
       Skin              |       |     1 ||     1
Dodge: Dodged            |   198 |    49 ||   247

Table legend: (Time is in decaauts)
 A = Elapsed time spent in this place.
 B = Non-inter-level travel time spent in this place.
 C = Inter-level travel time spent in this place.
 D = Time resting spent in this place.
 E = Time spent auto-exploring this place.
 F = Levels seen in this place.
 G = Mean time per level.
                   A        B        C        D        E       F      G
               +--------+--------+--------+--------+--------+-----+--------+
         Total |   4735 |   4639 |     96 |    674 |   3224 |   3 | 1578.3 |
       Dungeon |   4735 |   4639 |     96 |    674 |   3224 |   3 | 1578.3 |
               +--------+--------+--------+--------+--------+-----+--------+

Top non-repeatable levels by time:
     D:2: 2930 daAuts
     D:1: 1767 daAuts
     D:3: 37 daAuts
